 Dungeon Crawl Stone Soup version 0.26.1-11-gd32895ea62 (webtiles) character file.

Game seed: 11470387663461538478

67 demibob the Poker (level 4, 33/33 HPs)
             Began as a Merfolk Gladiator on Oct 1, 2021.
             Was a Follower of Sif Muna.
             Quit the game on level 2 of the Dungeon.
             The game lasted 00:02:44 (1670 turns).

demibob the Poker (Merfolk Gladiator)               Turns: 1670, Time: 00:02:45

Health: 33/33      AC:  4    Str: 14    XL:     4   Next: 18%
Magic:  4/4        EV: 14    Int:  7    God:    Sif Muna [*.....]
Gold:   131        SH:  0    Dex: 16    Spells: 3/3 levels left

rFire    . . .     SeeInvis .   a - +0 trident
rCold    . . .     Faith    .   (no shield)
rNeg     . . .     Spirit   .   b - +0 leather armour
rPois    .         Reflect  .   c - +0 helmet
rElec    .         Harm     .   (no cloak)
rCorr    .         Rampage  .   (no gloves)
Will     .....                  (no boots)
Stlth    +.........             (no amulet)
HPRegen  0.11/turn              (no ring)
MPRegen  0.09/turn              (no ring)

@: no status effects
A: change form in water, swift swim, stealthy swim
a: Renounce Religion, Channel Magic


You were on level 2 of the Dungeon.
You worshipped Sif Muna.
Sif Muna was aware of your devotion.
You visited 1 branch of the dungeon, and saw 2 of its levels.

You collected 131 gold pieces.


   Skills:
 - Level 2.1 Fighting
 + Level 7.1 Polearms
 - Level 2.0 Throwing
 - Level 4.0 Dodging


You had 3 spell levels left.
You didn't know any spells.
Your spell library was empty.

Inventory:

Hand Weapons
 a - a +0 trident (weapon)
Missiles
 d - 3 throwing nets (quivered) {=f}
Armour
 b - a +0 leather armour (worn)
 c - a +0 helmet (worn)
 k - a +0 pair of gloves
Jewellery
 h - an uncursed ring of stealth {unknown}
Scrolls
 e - 2 scrolls of magic mapping
 g - 2 scrolls of remove curse {@r2}
 l - a scroll of teleportation {unknown}
Potions
 f - 3 potions of flight {unknown}
 i - 2 potions of cancellation {unknown}
 j - a potion of curing {unknown}

Dungeon Overview and Level Annotations

Branches:
Dungeon (2/15)

Altars:
Fedhas
Sif Muna

.............
######.##### #..# ##.##
... ##### #..#
...######+##...#####.##
...............+..##..#
.......░.......##.###.##
......░@░).....##.##....
.......░.......##.##....
...............##.##....
...............##.##....
........................
............###.░░░░..÷.
............# #.░....░░░
............###.░.░░...░
......[.........░.░....░


There were no monsters in sight!


Message History

You kill the goblin!
No target in view!
No target in view!
No target in view!
No target in view!
No target in view!
No target in view!
No target in view!
No target in view!
No target in view!
No target in view!
No target in view!
No target in view!
No target in view!
No target in view!
No target in view!
Found a scroll labelled TEFEME SOJONY and 7 gold pieces.
k - a pair of gloves
l - a scroll labelled TEFEME SOJONY No target in view!
There is a faded altar of an unknown god here.
You cannot tell which god this altar belongs to.
Convert to them anyway?
Okay, then.
You cannot tell which god this altar belongs to.
Convert to them anyway?
Okay, then.
You cannot tell which god this altar belongs to.
Convert to them anyway?
Sif Muna accepts your prayer! Sif Muna welcomes you!
You can now call upon Sif Muna for magical energy.
Are you sure you want to abandon this character and quit the game? (Confirm with "yes".)

Skill      XL: |  1  2  3 |
---------------+----------+-----
Polearms       | 5 6 7 |  7.1
Fighting       | |  2.1
Throwing       | |  2.0
Dodging        | |  4.0

Action                   |  1- 3 |  4- 6 || total
-------------------------+-------+-------++-------
Melee: Trident           |   121 |     7 ||   128
  Use: Scroll            |     2 |       ||     2
 Stab: Sleeping          |     4 |       ||     4
Armor: Leather armour    |    24 |     1 ||    25
Dodge: Dodged            |    55 |     2 ||    57

Levels and vault maps discovered:
D:1:      zelgadis_glass_arrival_small, layout_loops_ring,
          minmay_small_reverse_x
D:2:      layout_basic, nicolae_overflow_crystal_walls, tso_oasis_becter,
          chequers_ecumenical_altar_simple, dk_noncrumbling_2

Notes
Turn   | Place    | Note
-------+----------+-------------------------------------------
     0 | D:1      | demibob the Merfolk Gladiator began the quest for the Orb.
     0 | D:1      | Reached XP level 1. HP: 16/16 MP: 1/1
   170 | D:1      | Reached skill level 5 in Polearms
   194 | D:1      | Reached XP level 2. HP: 22/22 MP: 2/2
   446 | D:1      | Reached skill level 6 in Polearms
   446 | D:1      | Reached XP level 3. HP: 27/27 MP: 3/3
  1369 | D:2      | Found a blossoming altar of Fedhas.
  1440 | D:2      | Reached skill level 7 in Polearms
  1440 | D:2      | Reached XP level 4. HP: 32/33 MP: 4/4
  1639 | D:2      | Found a faded altar of an unknown god.
  1669 | D:2      | Became a worshipper of Sif Muna the Loreminder
  1669 | D:2      | Reached * piety under Sif Muna
  1670 | D:2      | Quit the game

Vanquished Creatures
  An adder (D:2)
  A worm (D:2)
  4 dart slugs
  5 bats
  3 giant cockroaches
  6 goblins
  8 hobgoblins
  2 jackals (D:1)
  2 frilled lizards (D:1)
  9 kobolds
  4 rats
45 creatures vanquished.

Table legend: (Time is in decaauts)
 A = Elapsed time spent in this place.
 B = Non-inter-level travel time spent in this place.
 C = Inter-level travel time spent in this place.
 D = Time resting spent in this place.
 E = Time spent auto-exploring this place.
 F = Levels seen in this place.
 G = Mean time per level.
                   A        B        C        D        E       F      G
               +--------+--------+--------+--------+--------+-----+--------+
         Total |   1670 |   1648 |     22 |    205 |   1187 |   2 |  835.0 |
       Dungeon |   1670 |   1648 |     22 |    205 |   1187 |   2 |  835.0 |
               +--------+--------+--------+--------+--------+-----+--------+

Top non-repeatable levels by time:
     D:1: 1121 daAuts
     D:2: 548 daAuts

Table legend:
 A = Non-vault XP
 B = Vault XP
 C = Vault XP percentage of total XP
 D = Non-vault monster count
 E = Vault monster count
 F = Vault count percentage of total count
                 A         B        C        D         E       F
            +---------+---------+-------+---------+---------+-------
      Total |      91 |       6 |   6.2 |      41 |       4 |   8.9
            +---------+---------+-------+---------+---------+-------
        D:1 |      55 |       6 |   9.8 |      30 |       4 |  11.8
        D:2 |      36 |       0 |   0.0 |      11 |       0 |   0.0
            +---------+---------+-------+---------+---------+-------
